 Dungeon Crawl Stone Soup version 0.30-a0-652-gcc886f7154 (webtiles) character file.

Game seed: 13319614291495380561

58 wormed the Grasshopper (level 4, 0/30 HPs)
             Began as an Octopode Warper on Jan 18, 2023.
             Killed from afar by Ijyb (10 damage)
             ... with a bolt of light
             ... on level 3 of the Dungeon.
             The game lasted 00:02:26 (2099 turns).

wormed the Grasshopper (Octopode Warper)            Turns: 2099, Time: 00:02:27

Health: 0/30       AC:  1    Str: 10    XL:     4   Next: 2%
Magic:  16/16      EV: 13    Int: 17    God:
Gold:   64         SH:  0    Dex: 11    Spells: 6/8 levels left

rFire   . . .      SeeInvis .      - Unarmed
rCold   . . .      Faith    .    (no shield)
rNeg    . . .      Spirit   .    (helmet restricted)
rPois   .          Reflect  .    (no amulet)
rElec   .          Harm     .    h - ring of magical power
rCorr   .          Rampage  .    (no ring)
Will    .....                    (no ring)
Stlth   ++                       (no ring)
HPRegen 0.25/turn                (no ring)
MPRegen 0.15/turn                (no ring)
                                 (no ring)
                                 (no ring)

@: no status effects
A: almost no armour, amphibious, 8 rings, camouflage 1, gelatinous body 1,
(nimble swimmer 1), tentacles
a: no special abilities


You were on level 3 of the Dungeon.
You visited 1 branch of the dungeon, and saw 3 of its levels.

You collected 64 gold pieces.

Inventory:

Missiles
 b - 3 boomerangs of dispersal (quivered)
 f - 4 poisoned darts
Jewellery
 h - a ring of magical power (left tentacle)
Scrolls
 a - a scroll of blinking
 m - a scroll of teleportation {unknown}
 n - a scroll of summoning {unknown}
Potions
 c - a potion of lignification {unknown}
 d - 2 potions of attraction {unknown}
 e - 4 potions of might {unknown}
 i - a potion of berserk rage {unknown}
 j - a potion of flight {unknown}
 k - a potion of mutation {unknown}
 l - a potion of ambrosia {unknown}


   Skills:
 + Level 2.7 Fighting
 - Level 1.0 Throwing
 + Level 2.9 Dodging
 + Level 2.6 Unarmed Combat
 + Level 2.5 Spellcasting
 - Level 3.0 Translocations


You had 6 spell levels left.
You knew the following spells:

 Your Spells              Type           Power      Damage    Failure   Level
a - Blink                 Tloc           24%        N/A       9%          2

Your spell library contained the following spells:

 Spells                   Type           Power      Damage    Failure   Level
 Lesser Beckoning         Tloc           24%        N/A       9%          2
 Teleport Other           Tloc           12%        N/A       16%         3
 Vhi's Electric Charge    Tloc/Air       14%        N/A       30%         3
 Manifold Assault         Tloc           12%        N/A       47%         4


Dungeon Overview and Level Annotations

Branches:
Dungeon (3/15)

Altars:
Trog

Annotations:
D:2 Sigmund
D:3 Ijyb


Innate Abilities, Weirdness & Mutations

You cannot wear most types of armour.
You are amphibious.
You can wear up to eight rings at the same time.
Your skin changes colour to match your surroundings (Stealth+).
Your rubbery body absorbs attacks. (AC +1, EV +1)
((You are camouflaged when in or above water. (Stealth+)))
You have tentacles for arms and can constrict up to eight enemies at once.


Message History

Sigmund blinks!
Throw: 6 boomerangs (disperse)
Press: ? - help, Q - select action, (/) - cycle Shift-Dir - straight line, f/p - Sigmund
Aim: Sigmund, wielding a +0 scythe and wearing a +0 robe (moderately wounded, 52% to hit)
You throw a boomerang of dispersal.
The boomerang of dispersal closely misses Sigmund.
The ball python hisses angrily.
Sigmund gestures wildly while chanting.
Sigmund flickers and vanishes!
Deactivating autopickup; reactivate with Ctrl-A.
The ball python closely misses you. The ball python grabs you.
The ball python constricts you.
You tentacle-slap the ball python.
You kill the ball python!
A magic dart appears from out of thin air!
The magic dart hits you.
* * * LOW HITPOINT WARNING * * *
Blink to where?
Press: ? - help, Dir - move target
As you read the scroll of blinking, it crumbles to dust.
There is a stone staircase leading down here.
You climb downwards.
Reactivating autopickup.
Ijyb shouts!
Ijyb zaps a wand.
The bolt of light misses you.
Found a sling and a scroll labelled DIP SISTAST.
There is a stone staircase leading up here.
Throw: 5 boomerangs (disperse)
Press: ? - help, Q - select action, (/) - cycle Shift-Dir - straight line, f - Ijyb
Aim: Ijyb, wielding a +0 club, wearing a +0 ring mail and carrying a wand of light (6) (52% to hit)
You throw a boomerang of dispersal.
The boomerang of dispersal hits Ijyb but does no damage.
Throw: 4 boomerangs (disperse)
Press: ? - help, Q - select action, (/) - cycle Shift-Dir - straight line, f/p - Ijyb
Aim: Ijyb, wielding a +0 club, wearing a +0 ring mail and carrying a wand of light (6) (52% to hit)
You throw a boomerang of dispersal. The boomerang of dispersal hits Ijyb.
Ijyb blinks!
Ijyb is lightly wounded.
Ijyb zaps a wand.
The bolt of light hits you!
You die...

.# .# ##
#. .. ..
#? #. .#
#..##. .#
#.....#ยง#
#.....@.#
#..###g.#
#..# #.##
..# ###


You could see Ijyb.

Vanquished Creatures
  An adder (D:2)
  A dart slug (D:1)
  3 orcs (D:3)
  6 bats
  3 endoplasms
  3 giant cockroaches
  4 goblins
  3 hobgoblins
  3 kobolds
  A quokka (D:2)
  5 ball pythons
  4 frilled lizards
  7 rats
44 creatures vanquished.

Vanquished Creatures (others)
  5 plants (D:1)
5 creatures vanquished.

Grand Total: 49 creatures vanquished

Notes
Turn   | Place    | Note
-------+----------+-------------------------------------------
     0 | D:1      | wormed the Octopode Warper began the quest for the Orb.
     0 | D:1      | Reached XP level 1. HP: 14/14 MP: 3/3
   153 | D:1      | You fall into a shaft and drop 1 floor!
   430 | D:1      | Reached XP level 2. HP: 10/19 MP: 5/5
   885 | D:1      | Found a faded altar of an unknown god.
  1337 | D:2      | Noticed Sigmund
  1341 | D:2      | Reached XP level 3. HP: 25/25 MP: 6/6
  1405 | D:2      | Learned a level 2 spell: Blink
  1895 | D:3      | Found a bloodstained altar of Trog.
  2058 | D:3      | Reached XP level 4. HP: 9/30 MP: 7/7
  2096 | D:3      | Noticed Ijyb
  2099 | D:3      | Killed from afar by Ijyb

Illustrated notes

Levels and vault maps discovered:
D:1:      mrwooster_arrival_statue, layout_loops_ring, serial_forest,
          infiniplex_forest_clump_curved, infiniplex_forest_lined_4_way,
          infiniplex_forest_clump_long, infiniplex_forest_join,
          infiniplex_forest_zigzag_1, infiniplex_forest_lined_corner,
          infiniplex_forest_diagonal, dreamdust_ecumenical_altar_statues
D:2:      minmay_angry_zag, layout_loops_corners, minmay_misc_feat_four_crosses,
          hangedman_decor_opposing, uniq_sigmund
D:3:      layout_loops_cross, pdpol_wu_jian_five_deadly_venoms, trog_book,
          uniq_ijyb

Action                   |  1- 3 |  4- 6 || total
-------------------------+-------+-------++-------
Melee: Unarmed           |   138 |     2 ||   140
       Tentacles         |    34 |       ||    34
       Punch             |     9 |     1 ||    10
       Constrict         |    26 |     1 ||    27
Throw: Boomerang         |       |     4 ||     4
  Use: Scroll            |     3 |     2 ||     5
 Stab: Sleeping          |    13 |       ||    13
       Distracted        |     1 |       ||     1
Armor: Skin              |     3 |       ||     3
Dodge: Dodged            |    50 |     2 ||    52

Table legend: (Time is in decaauts)
 A = Elapsed time spent in this place.
 B = Non-inter-level travel time spent in this place.
 C = Inter-level travel time spent in this place.
 D = Time resting spent in this place.
 E = Time spent auto-exploring this place.
 F = Levels seen in this place.
 G = Mean time per level.
                   A        B        C        D        E       F      G
               +--------+--------+--------+--------+--------+-----+--------+
         Total |   2093 |   2041 |     52 |      0 |   1662 |   3 |  697.7 |
       Dungeon |   2093 |   2041 |     52 |      0 |   1662 |   3 |  697.7 |
               +--------+--------+--------+--------+--------+-----+--------+

Top non-repeatable levels by time:
     D:1: 1085 daAuts
     D:2: 819 daAuts
     D:3: 187 daAuts
